 Dungeon Crawl Stone Soup version 0.18.1-48-g4cf74bf (webtiles) character file.

49 Heedrag the Magician (level 3, 0/19 HPs)
             Began as a Deep Elf Conjurer on July 26, 2016.
             Slain by Robin
             ... wielding a +0 spear
              (5 damage)
             ... on level 2 of the Dungeon.
             The game lasted 00:02:45 (1587 turns).

Heedrag the Magician (Deep Elf Conjurer)            Turns: 1587, Time: 00:02:46

Health: 0/19       AC:  2    Str:  6    XL:     3   Next: 53%
Magic:  8/11       EV:  8    Int: 19    God:
Gold:   61         SH:  0    Dex: 15    Spells: 2 memorised, 8 levels left

rFire  . . .     SeeInvis .     e - +0 short sword
rCold  . . .     Gourm    .     a - +0 robe
rNeg   . . .     Faith    .     (no shield)
rPois  .         Spirit   .     (no helmet)
rElec  .         Dismiss  .     (no cloak)
rCorr  .         Reflect  .     (no gloves)
SustAt .         Harm     .     (no boots)
MR     .....                    (no amulet)
Stlth  ++........               (no ring)
                                (no ring)

@: very slightly contaminated, not resistant to hostile enchantments, unstealthy
A: no striking features
a: no special abilities


You were on level 2 of the Dungeon.
You were not hungry.

You visited 1 branch of the dungeon, and saw 2 of its levels.

You collected 61 gold pieces.

Inventory:

Hand Weapons
 e - a +0 short sword (weapon)
Armour
 a - a +0 robe (worn)
Scrolls
 d - 3 scrolls of identify {unknown}
 f - a scroll of blinking {unknown}
 h - a scroll of enchant weapon {unknown}
 j - 2 scrolls of enchant armour {unknown}
 l - a scroll of immolation {unknown}
Potions
 i - a potion of agility {unknown}
 k - 2 potions of curing {unknown}
Books
 b - a book of Conjurations

   Spells                             Type                      Level
   a - Magic Dart                     Conjuration                  1
   b - Searing Ray                    Conjuration                  2
   c - Dazzling Spray                 Conjuration/Hexes            3
   d - Fulminant Prism                Conjuration/Hexes            4
   e - Iskenderun's Mystic Blast      Conjuration                  4
   f - Iskenderun's Battlesphere      Conjuration/Charms           5
Comestibles
 c - a bread ration


   Skills:
 - Level 2.4 Dodging
 - Level 2.4 Stealth
 + Level 5.4 Spellcasting
 - Level 4.3 Conjurations


You had 8 spell levels left.
You knew the following spells:

 Your Spells              Type           Power        Failure   Level  Hunger
a - Magic Dart            Conj           ###.         1%          1    None
b - Dazzling Spray        Conj/Hex       ##....       14%         3    ##.....


Dungeon Overview and Level Annotations

Branches:
Dungeon (2/15)

Altars:
Nemelex Xobeh
Okawaru

Annotations:
D:2 Robin


Message History

Tha goblin closely misses ye.
Tha goblin barely misses ye.
Robin throws tha goblin at ye!
Tha goblin barely misses ye.
A quokka comes inta view.
Ye miss tha goblin.
Tha goblin barely misses ye.
Tha goblin completely misses ye.
Robin roars a battlecry!
Tha goblins go inta a battle-frenzy!
Tha goblin hits ye.
A goblin comes inta view.
It be wieldin' a club.
Tha goblin hits ye.
Tha goblin barely misses ye.
Tha goblin closely misses ye.
Tha goblin completely misses ye.
Robin throws tha goblin at ye!
Tha goblin hits ye.
Thar be an 'scape hatch in tha ceilin' 'ere.
Tha goblin shouts!
Tha goblin hits ye.
* * * LOW HITPOINT WARNIN'
* * * Robin hits ye from afar wit' a spear.
Ye die...

.....# ###.........#
.....# ###.#########
.....# #...# #...)<#
###### #.### #.######
#######.#####.).....
#......(....'.......
#.....(.#####.......
#..g....# #.......
#..@....# ########
#..gg...# #.grg...#
#.......############
#.......##..........
#.......##..........
#..g....##..........
....g....##..........
.....#######.......รท..


You could see Robin, a quokka and 6 goblins.

Vanquished Creatures
  An ooze (D:1)
  2 giant geckos
  6 bats
  2 giant cockroaches (D:1)
  13 goblins
  6 hobgoblins
  2 kobolds (D:1)
  A quokka (D:2)
  A ball python (D:1)
  2 giant newts (D:2)
  2 rats (D:1)
38 creatures vanquished.

Notes
Turn   | Place    | Note
--------------------------------------------------------------
     0 | D:1      | Heedrag the Deep Elf Conjurer began the quest for the Orb.
     0 | D:1      | Reached XP level 1. HP: 10/10 MP: 6/6
   148 | D:1      | Reached skill level 4 in Spellcasting
   148 | D:1      | Reached XP level 2. HP: 15/15 MP: 0/9
   711 | D:1      | Reached XP level 3. HP: 19/19 MP: 9/11
   716 | D:1      | Learned a level 3 spell: Dazzling Spray
  1112 | D:2      | Reached skill level 5 in Spellcasting
  1114 | D:2      | Noticed Robin
  1268 | D:2      | Found an iron altar of Okawaru.
  1268 | D:2      | Found a sparkling altar of Nemelex Xobeh.
  1587 | D:2      | Slain by Robin

Skill      XL: |  1  2  3 |
---------------+----------+-----
Spellcasting   | 4 5 |  5.4
Dodging        | |  2.4
Stealth        | |  2.4
Conjurations   | |  4.3

Action                   || total
-------------------------++-------
Melee: Short sword       ||     2
 Cast: Magic Dart        ||    75
  Eat: Chunk             ||     2
Armor: Robe              ||     7
Dodge: Dodged            ||    18
